 Dungeon Crawl Stone Soup version 0.26-a0-712-ga5a9c9c9d0 (webtiles) character file.

Game seed: 4250808463347215484

(classic levelgen) 85717 EnegeticOcto the Champion of Chaos (level 15, 0/140 HPs)
             Began as a Deep Dwarf Fighter on Nov 4, 2020.
             Was the Champion of Makhleb.
             Slain by an emperor scorpion (9 damage)
             ... on level 4 of the Spider Nest.
             The game lasted 00:11:23 (11087 turns).

EnegeticOcto the Champion of Chaos (DDFi)          Turns: 11087, Time: 00:11:23

Health: 0/140      AC: 29    Str: 29    XL:     15   Next: 38%
Magic:  2/18       EV:  8    Int:  7    God:    Makhleb [******]
Gold:   1580       SH: 16    Dex: 21    Spells: 20/20 levels left

rFire    . . .     SeeInvis +   u - +6 war axe of Mukot {speed, rC+++ Str+3 Int-2 Stlth+}
rCold    + + +     Faith    .   r - +2 kite shield
rNeg     + . .     Spirit   .   N - +0 crystal plate armour
rPois    +         Reflect  .   j - +0 helmet
rElec    +         Harm     .   (no cloak)
rCorr    .         Rampage  .   b - +2 pair of gloves {archery}
MR       ++...                  h - +1 pair of boots
Stlth    ..........             (no amulet)
HPRegen  0.00/turn              O - ring "Uhub" {*Drain rPois rC+ Dex+3 SInv}
MPRegen  0.16/turn              H - ring "Igravuhe" {rElec Dex+6}

@: lethally poisoned (0 -> -31), non-regenerating
A: damage resistance, heal wounds, negative energy resistance 1, sense
surroundings 2, no regeneration
a: Heal Wounds, Minor Destruction, Lesser Servant of Makhleb, Major Destruction,
Greater Servant of Makhleb, Renounce Religion


You were on level 4 of the Spider Nest.
You worshipped Makhleb.
Makhleb was exalted by your worship.
You visited 4 branches of the dungeon, and saw 22 of its levels.
You also visited: Sewer, Ossuary, Bailey and Ice Cave.

You collected 2197 gold pieces.
You spent 617 gold pieces at shops.

Inventory:

Hand Weapons
 a - a +0 war axe
 u - the +6 war axe of Mukot (weapon) {speed, rC+++ Str+3 Int-2 Stlth+}
   (You found it on level 5 of the Dungeon)

   Attacks with this weapon are significantly faster.
   It affects your strength (+3).
   It affects your intelligence (-2).
   It renders you almost immune to cold.
   It makes you more stealthy.
 E - a +2 war axe of pain
 I - a +1 spear of distortion
Missiles
 L - 13 throwing nets (quivered)
Armour
 b - a +2 pair of gloves of archery (worn)
 g - a +0 plate armour
 h - a +1 pair of boots (worn)
 j - a +0 helmet (worn)
 r - a +2 kite shield (worn)
 N - a +0 crystal plate armour (worn)
Jewellery
 p - a +6 ring of strength
 s - an uncursed ring of fire
 H - the ring "Igravuhe" (right hand) {rElec Dex+6}
   (You found it in an ossuary)

   [ring of dexterity]

   It affects your dexterity (+6).
   It insulates you from electricity.
 O - the ring "Uhub" (left hand) {*Drain rPois rC+ Dex+3 SInv}
   (You bought it in a shop on level 7 of the Dungeon)

   [ring of poison resistance]

   It affects your dexterity (+3).
   It protects you from cold.
   It protects you from poison.
   It lets you see invisible.
   It causes draining when unequipped.
Wands
 c - a wand of iceblast (15) {@v2}
 x - a wand of enslavement (6)
 z - a wand of acid (5) {@v1}
 J - a wand of disintegration (15)
 K - a wand of paralysis (11)
Scrolls
 e - 4 scrolls of magic mapping {@r5}
 f - 8 scrolls of remove curse {@r2}
 k - a scroll of immolation {@r4}
 m - 6 scrolls of teleportation {@r3}
 w - 4 scrolls of fog
 y - 5 scrolls of fear
 D - a scroll of brand weapon
 Q - 2 scrolls of amnesia
 R - a scroll of blinking {unknown}
 S - a scroll of vulnerability
Potions
 d - 4 potions of might {@q3}
 i - 15 potions of curing {@q1}
 l - 7 potions of heal wounds {@q2}
 n - 2 potions of flight
 o - 2 potions of haste {@q4}
 q - 4 potions of mutation
 t - 3 potions of degeneration
 v - 5 potions of brilliance
 A - 5 potions of lignification
 B - 5 potions of stabbing
 C - a potion of magic
 F - a potion of invisibility
 P - a potion of cancellation {unknown}
Miscellaneous
 G - a phantom mirror


   Skills:
 * Level 10.7 Fighting
 * Level 15.4 Axes
 + Level 11.9 Armour
 + Level 4.3 Dodging
 + Level 11.9 Shields
 + Level 3.2 Spellcasting
 - Level 15.6 Invocations
 * Level 7.7 Evocations


You had 20 spell levels left.
You didn't know any spells.
Your spell library was empty.

Dungeon Overview and Level Annotations

Branches:
Dungeon (13/15)            Temple (0/1) D:4            Lair (4/6) D:8
 Shoals (0/4) Lair:3       Spider (4/4) Lair:4          Orc (1/2) D:10
  Sewer (visited)         Ossuary (visited)          Bailey (visited)
  IceCv (visited)
 Vaults: D:13-14

Altars:
Cheibriados
Dithmenos
Gozag
Uskayaw
Xom

Shops:
D:5 :   D:7 =(   D:8 !   Orc:1 *

Annotations:
D:10 1 transporter, EnegeticOcto's ghost, journeyman DDFi
D:12 3 runed translucent doors, Yorgos's ghost, journeyman DEIE
Lair:3 exclusion: 2 oklob plants


Innate Abilities, Weirdness & Mutations

You are resistant to damage.
You can heal yourself by infusing magical energy.
You resist negative energy. (rN+)
You passively map the area around you.
You do not regenerate.


Message History

You barely miss the wolf spider.
The wolf spider is heavily wounded.
You completely miss the wolf spider zombie.
You slash the emperor scorpion!
You feel sick. The wolf spider hits you! The wolf spider bites you!
* * * LOW HITPOINT WARNING * * *
You are lethally poisoned!
The wolf spider poisons you!
You block the wolf spider zombie's attack. x2
Your green death barely misses the moth of wrath.
The moth of wrath goads something on!
The moth of wrath goads the jumping spider on!
The jumping spider goes berserk!
You are too injured to fight recklessly!
You are too injured to fight recklessly!
You are too injured to fight recklessly!
You are too injured to fight recklessly!
You are too injured to fight recklessly!
You are too injured to fight recklessly!
You are too injured to fight recklessly!
You are too injured to fight recklessly!
You are too injured to fight recklessly!
You are too injured to fight recklessly!
You are too injured to fight recklessly!
You are too injured to fight recklessly!
You are too injured to fight recklessly!
You are too injured to fight recklessly!
You are too injured to fight recklessly!
You are too injured to fight recklessly!
You are too injured to fight recklessly!
You are too injured to fight recklessly!
You are too injured to fight recklessly!
You are too injured to fight recklessly!
You are too injured to fight recklessly!
You are too injured to fight recklessly!
You are too injured to fight recklessly!
You are too injured to fight recklessly!
You are too injured to fight recklessly!
You are too injured to fight recklessly!
You are too injured to fight recklessly!
You are too injured to fight recklessly!
You are too injured to fight recklessly!
You are too injured to fight recklessly!
You are too injured to fight recklessly!
You are too injured to fight recklessly!
You feel much better.
You feel very sick. You block the wolf spider's attack. x2
You block the emperor scorpion's attack.
The emperor scorpion claws you but does no damage. x2
The spectral hornet hits your green death!
Your orange demon barely misses the emperor scorpion.
Your orange demon closely misses the emperor scorpion.
The wolf spider hits you. You block the wolf spider's attack.
The emperor scorpion stings you.
The emperor scorpion claws you but does no damage. x2
The wolf spider hits you!!
* * * LOW HITPOINT WARNING * * *
The wolf spider bites you but does no damage.
The spectral hornet barely misses your green death.
Your green death gestures at the moth of wrath.
The bolt of poison hits the moth of wrath!!
The moth of wrath is poisoned.
The moth of wrath dies!
Makhleb accepts your kill.
You feel much better.
* * * LOW HITPOINT WARNING * * *
You feel very sick. You block the wolf spider's attack.
The wolf spider bites you!
* * * LOW HITPOINT WARNING * * *
You block the wolf spider's attack.
The wolf spider bites you but does no damage.
The emperor scorpion stings you but does no damage.
You block the emperor scorpion's attack. x2
The wolf spider hits you!!
* * * LOW HITPOINT WARNING * * *
The wolf spider bites you.
* * * LOW HITPOINT WARNING * * *
Your orange demon stings the emperor scorpion!
Your orange demon hits the emperor scorpion but does no damage.
The spectral hornet hits your green death but does no damage.
The wolf spider hits you but does no damage.
The wolf spider bites you but does no damage.
Your green death gestures at the spectral hornet.
The poison arrow hits the spectral hornet!
The spectral hornet partially resists.
The jumping spider pounces on your green death!
Your green death is caught in a web!
The jumping spider bites your green death.
Okay, then.
You fail to use your ability.
* * * LOW HITPOINT WARNING * * *
You feel very sick. The wolf spider closely misses you.
The wolf spider completely misses you. The wolf spider hits you.
* * * LOW HITPOINT WARNING * * *
The wolf spider bites you but does no damage.
You block the emperor scorpion's attack.
The emperor scorpion claws you!
You die...

*
*#################
, ....!...[.^#....#
≈....Z24†......## ≈
≈≈≈#≈ss@^.......# ≈
≈≈≈≈≈ss#s†......#
≈≈≈≈≈≈≈Z..Z††..≈≈≈#
, ≈≈≈########†≈#≈≈#
≈≈ #.≈≈≈.# * ,≈≈*≈≈
≈ ≈ #≈≈≈≈.# ≈, ≈ ,
#≈≈≈.## , ≈* **^,,
#≈≈...# , , * *
##≈...#


You could see an emperor scorpion (berserk, very poisoned), 2 wolf spiders, a
spectral hornet, a jumping spider (berserk), a tarantella, a wolf spider zombie,
a jumping spider zombie, a friendly green death (summoned, webbed) and a
friendly orange demon (summoned).

Vanquished Creatures
  Gastronok (Lair:1)
  A sphinx (D:12)
  Donald (Spider:1)
  A storm dragon (D:12)
  2 frost giants
  A fire giant (D:12)
  A ghost moth (Spider:4)
  An entropy weaver (Spider:3)
  A stone giant (D:12)
  3 boulder beetles
  An ice dragon (D:12)
  A centaur warrior (D:10)
  A two-headed ogre (D:8)
  2 death yaks (IceCv)
  Sonja (Lair:2)
  A flayed ghost (D:12)
  2 unseen horrors
  A phantasmal warrior (D:12)
  12 wolf spiders
  3 orb spiders
  2 ugly things (D:12)
  4 moths of wrath
  An ice statue (IceCv)
  3 elephants (Lair:4)
  A black mamba (Lair:4)
  Psyche (D:9)
  A gargoyle (D:11)
  7 cane toads
  A torpor snail (Spider:3)
  2 kobold demonologists
  An efreet (D:12)
  5 demonic crawlers
  6 komodo dragons
  2 trolls
  14 jumping spiders
  13 polar bears (IceCv)
  4 blink frogs (Lair:3)
  5 hornets
  A dream sheep (Lair:2)
  Grinder (Sewer)
  3 shadows (D:12)
  2 spriggans (Lair:2)
  30 redbacks
  8 tarantellas
  2 wraiths
  5 wyverns
  61 yaks
  A hog (shapeshifter) (D:12)
  Grum (D:9)
  4 basilisks
  2 vampire mosquitoes (D:12)
  Menkaure (D:4)
  2 wargs
  An acid dragon (D:10)
  Duvessa (D:4)
  6 water moccasins
  10 ice beasts
  3 sky beasts
  A swamp drake (D:8)
  9 orc warriors
  An eye of draining (D:10)
  A hornet zombie (D:7)
  7 ogres
  A necrophage (D:10)
  4 phantoms
  7 centaurs
  36 wolves
  8 big kobolds
  12 gnoll sergeants
  16 bullfrogs
  2 water moccasin zombies
  2 wyvern skeletons
  2 scorpions (D:9)
  Dowan (D:4)
  A water moccasin skeleton (D:7)
  6 killer bees (D:11)
  2 howler monkeys
  An electric eel (Lair:3)
  2 centaur zombies
  2 quasits
  A bullfrog zombie (D:12)
  4 centaur skeletons
  12 orc wizards
  7 orc priests
  8 hounds
  4 bullfrog skeletons
  4 jellies
  6 gnoll shamans (Bailey)
  A human zombie (Ossuary)
  An iguana (D:8)
  4 worker ants
  4 big kobold zombies
  A hound zombie (D:9)
  3 mummies (Ossuary)
  Robin (D:4)
  A howler monkey zombie (D:6)
  24 gnolls
  14 adders
  4 shadow imps (Sewer)
  2 white imps
  2 ufetubi
  2 oozes
  An adder skeleton (D:5)
  6 worms
  A leopard gecko (D:6)
  59 orcs
  A ball python (D:1)
  4 bats
  6 giant cockroaches
  11 goblins
  8 hobgoblins
  14 jackals
  28 kobolds
  6 quokkas
  A frilled lizard (D:4)
  2 gnoll zombies (Ossuary)
  2 goblin zombies (Ossuary)
  A hobgoblin zombie (Ossuary)
  A jackal skeleton (D:5)
  3 kobold zombies
  4 rats
649 creatures vanquished.

Vanquished Creatures (collateral kills)
  A ghost moth (Spider:4)
  Fannar (D:10)
  A hydra (D:10)
  A wolf spider zombie (Spider:4)
  6 orb spiders
  4 wolf spiders
  A moth of wrath (Spider:4)
  5 demonic crawlers
  12 jumping spiders (Spider:4)
  A hornet (Spider:4)
  13 redbacks
  9 tarantellas
  A spectral hornet (Spider:4)
  An ogre (D:10)
  An electric eel (Spider:1)
  An orc wizard (D:10)
  An adder (D:10)
  A shadow imp (D:10)
  An orc (D:10)
62 creatures vanquished.

Vanquished Creatures (others)
  A jumping spider (Spider:4)
  2 fungi
  18 plants
21 creatures vanquished.

Grand Total: 732 creatures vanquished

Notes
Turn   | Place    | Note
-------+----------+-------------------------------------------
     0 | D:1      | EnegeticOcto the Deep Dwarf Fighter began the quest for the
                  | Orb.
     0 | D:1      | Reached XP level 1. HP: 20/20 MP: 1/1
   209 | D:2      | Reached XP level 2. HP: 16/27 MP: 2/2
   252 | D:3      | Reached XP level 3. HP: 33/33 MP: 3/3
   422 | D:4      | Noticed Robin
   438 | D:4      | Reached XP level 4. HP: 36/42 MP: 4/4
   453 | D:4      | Killed Robin
   539 | D:4      | Reached XP level 5. HP: 47/49 MP: 5/5
   556 | D:4      | Noticed Duvessa
   557 | D:4      | Noticed Dowan
   571 | D:4      | Killed Dowan
   576 | D:4      | Killed Duvessa
   576 | D:4      | Reached XP level 6. HP: 38/57 MP: 6/6
   593 | D:4      | Found a glowing drain.
   619 | Sewer    | Entered a sewer
   623 | Sewer    | Reached skill level 5 in Axes
   748 | Sewer    | Found a burning altar of Makhleb.
   767 | Sewer    | Became a worshipper of Makhleb the Destroyer
   784 | Sewer    | Reached skill level 1 in Invocations
   784 | Sewer    | Reached XP level 7. HP: 51/64 MP: 6/6
   810 | Sewer    | Noticed Grinder
   822 | Sewer    | Paralysed by Grinder for 3 turns
   831 | Sewer    | Killed Grinder
   831 | Sewer    | Reached skill level 5 in Armour
   831 | Sewer    | Reached skill level 5 in Shields
  1134 | D:4      | Reached * piety under Makhleb
  1158 | D:4      | Noticed Menkaure
  1163 | D:4      | Killed Menkaure
  1163 | D:4      | Reached XP level 8. HP: 41/73 MP: 9/9
  1187 | D:4      | Found a staircase to the Ecumenical Temple.
  1478 | D:5      | Entered Level 5 of the Dungeon
  1778 | D:5      | Reached skill level 5 in Invocations
  2002 | D:5      | Found Wiecsoni's Book Shoppe.
  2206 | D:5      | Got a smouldering war axe
  2206 | D:5      | Identified the +6 war axe of Mukot {speed, rC+++ Str+3
                  | Int-2 Stlth+} (You found it on level 5 of the Dungeon)
  2251 | D:6      | Reached skill level 5 in Fighting
  2290 | D:6      | Found a hide-covered altar of Uskayaw.
  2388 | D:6      | Gained mutation: You passively map the area around you.
                  | [Deep Dwarf growth]
  2388 | D:6      | Reached XP level 9. HP: 63/81 MP: 9/9
  2494 | D:6      | Reached ** piety under Makhleb
  2518 | D:6      | Found an opulent altar of Gozag.
  2981 | D:7      | Found Jodihipe's Jewellery Shop.
  2982 | D:7      | Identified a scroll of acquirement
  2994 | D:7      | Reached *** piety under Makhleb
  3004 | D:7      | Acquired a +2 pair of gloves of archery
  3012 | D:7      | Found Qeida's Antique Weapon Shop.
  3212 | D:8      | Noticed a two-headed ogre
  3224 | D:8      | Killed a two-headed ogre
  3224 | D:8      | Reached XP level 10. HP: 90/91 MP: 12/12
  3588 | D:8      | Found a staircase to the Lair.
  3723 | D:8      | Found Gopasuil's Distillery.
  3735 | D:8      | Bought a potion of invisibility for 112 gold pieces
  3877 | D:8      | Found a sand-covered staircase.
  3907 | Ossuary  | Entered an ossuary
  4038 | Ossuary  | Reached **** piety under Makhleb
  4208 | Ossuary  | Reached skill level 10 in Axes
  4227 | Ossuary  | Got a vibrating wooden ring
  4274 | D:8      | Identified the ring "Igravuhe" {rElec Dex+6} (You found it
                  | in an ossuary)
  4318 | D:9      | Noticed Grum
  4330 | D:9      | Reached skill level 10 in Invocations
  4340 | D:9      | Killed Grum
  4443 | D:9      | Noticed Psyche
  4451 | D:9      | Killed Psyche
  4609 | D:9      | Reached XP level 11. HP: 99/99 MP: 14/14
  4669 | D:9      | Found a snail-covered altar of Cheibriados.
  4913 | D:10     | Entered Level 10 of the Dungeon
  4913 | D:10     | Noticed a centaur warrior
  4929 | D:10     | Killed a centaur warrior
  4945 | D:10     | Found a transporter.
  4950 | D:10     | Noticed EnegeticOcto's ghost (journeyman DDFi)
  4952 | D:10     | Noticed a two-headed ogre
  4954 | D:10     | Noticed a two-headed ogre
  4956 | D:10     | Noticed Fannar
  4959 | D:10     | Noticed a six-headed hydra
  4987 | D:10     | Killed Fannar
  4990 | D:10     | Killed a 15-headed hydra
  5110 | D:10     | Killed an unseen horror
  5299 | D:10     | You fall into a shaft and drop 1 floor!
  5517 | D:11     | Found a shadowy altar of Dithmenos.
  5526 | D:11     | Reached ***** piety under Makhleb
  5869 | D:10     | Found a staircase to the Orcish Mines.
  6191 | Orc:1    | Entered Level 1 of the Orcish Mines
  6226 | Orc:1    | Noticed an orc sorcerer
  6226 | Orc:1    | Noticed an orc knight
  6229 | Orc:1    | Noticed an orc high priest
  6230 | Orc:1    | Found Zoequz's General Store.
  6376 | D:12     | Reached XP level 12. HP: 95/109 MP: 14/14
  6378 | D:12     | Found a frozen archway.
  6397 | IceCv    | Entered an ice cave
  6476 | IceCv    | Noticed a death yak
  6499 | IceCv    | Killed a death yak
  6638 | IceCv    | Reached ****** piety under Makhleb
  6718 | IceCv    | Noticed a death yak
  6743 | IceCv    | Killed a death yak
  6780 | IceCv    | Noticed a frost giant
  6801 | IceCv    | Reached skill level 10 in Armour
  6806 | IceCv    | Killed a frost giant
  6806 | IceCv    | Reached skill level 10 in Shields
  7032 | D:12     | Found a shimmering altar of Xom.
  7032 | D:12     | Found a shimmering altar of Xom.
  7033 | D:12     | Found a shimmering altar of Xom.
  7033 | D:12     | Found a shimmering altar of Xom.
  7127 | D:12     | Found a runed translucent gate.
  7128 | D:12     | Found a runed translucent gate.
  7130 | D:12     | Found a runed translucent gate.
  7131 | D:12     | Noticed Yorgos's ghost (journeyman DEIE)
  7239 | D:12     | Reached XP level 13. HP: 118/118 MP: 16/16
  7280 | D:12     | Noticed a frost giant
  7291 | D:12     | Killed a frost giant
  7309 | D:12     | Noticed a storm dragon
  7312 | D:12     | Noticed a sphinx
  7314 | D:12     | Noticed a fire giant
  7315 | D:12     | Found the +3 hat of Pondering {ponderous, MR+ MP+10 Int+5}
  7333 | D:12     | Killed a sphinx
  7336 | D:12     | Killed a fire giant
  7337 | D:12     | Killed a storm dragon
  7367 | D:12     | Noticed a stone giant
  7384 | D:12     | Killed a stone giant
  7620 | D:13     | Found a flagged portal.
  7627 | Bailey   | Entered a bailey
  7781 | Bailey   | Reached skill level 15 in Invocations
  8099 | D:7      | Bought the ring "Uhub" {*Drain rPois rC+ Dex+3 SInv} for
                  | 505 gold pieces
  8191 | Lair:1   | Entered Level 1 of the Lair of Beasts
  8259 | Lair:1   | Noticed Gastronok
  8277 | Lair:1   | Killed Gastronok
  8636 | Lair:2   | Noticed Sonja
  8645 | Lair:2   | Killed Sonja
  9229 | Lair:3   | Gained mutation: You resist negative energy. (rN+) [Deep
                  | Dwarf growth]
  9229 | Lair:3   | Reached XP level 14. HP: 129/129 MP: 17/17
  9609 | Lair:3   | Reached skill level 1 in Evocations
  9647 | Lair:3   | Found a staircase to the Shoals.
 10089 | Lair:4   | Reached skill level 1 in Dodging
 10116 | Lair:4   | Acquired 1103 gold pieces
 10142 | Lair:4   | Reached skill level 1 in Spellcasting
 10266 | Lair:4   | Found a hole to the Spider Nest.
 10426 | Spider:1 | Entered Level 1 of the Spider Nest
 10455 | Spider:1 | Noticed Donald
 10472 | Spider:1 | Killed Donald
 10490 | Spider:1 | Reached skill level 10 in Fighting
 10562 | Spider:2 | Reached skill level 5 in Evocations
 10641 | Spider:3 | Reached skill level 15 in Axes
 10688 | Spider:3 | Noticed an entropy weaver
 10708 | Spider:3 | Killed an entropy weaver
 10857 | Spider:4 | Entered Level 4 of the Spider Nest
 10860 | Spider:4 | Reached XP level 15. HP: 139/139 MP: 18/18
 10983 | Spider:4 | Noticed a ghost moth
 10989 | Spider:4 | Killed a ghost moth
 11058 | Spider:4 | Noticed a ghost moth
 11073 | Spider:4 | Killed a ghost moth
 11087 | Spider:4 | Slain by an emperor scorpion

Illustrated notes

Levels and vault maps discovered:
D:1:      shiori_shiawase, layout_loops_corners
D:2:      layout_basic, minitemple, lemuel_crystal_altar, lemuel_doored_altar,
          chequers_ecumenical_altar_simple_redux, minmay_fountain_box
D:3:      layout_basic, ebering_ghost_sewer_d
D:4:      corexii_shack_village, layout_cave_pools,
          minmay_temple_entry_offerings, cheibrodos_sewer_entry_bend,
          uniq_duvessa, uniq_menkaure, uniq_robin
D:5:      layout_gridville, serial_shops, kennysheep_mini_moat,
          amethyst_killhole
D:6:      layout_basic, eat_drink_and_be_merry_uskayaw, kennysheep_little_box
D:7:      layout_rooms, serial_shops, nicolae_shop_stone,
          nicolae_shop_overgrown_old_shop
D:8:      layout_rooms, erik_lair_dragon, chequers_ossuary_entry_cave,
          serial_shops, nicolae_shop_trees, minmay_misc_feat_tiny
D:9:      layout_long_grid, cheibrodos_worm_habitat, uniq_psyche, uniq_grum
D:10:     lemuel_flame_loot_2, layout_cave_pools,
          kennysheep_orc_monster_closet_entryway, gammafunk_ghost_smash,
          uniq_fannar
D:11:     layout_roguey, basic_altar, grunt_ministairs_14, chequers_garden,
          minivault_23
D:12:     minmay_tile_spiral, layout_irregular_city,
          portal_ice_cave_entry_ice_beasts, gammafunk_ghost_spectres,
          xom_redecorated
D:13:     layout_basic, grunt_vaults_entry_tiered, enter_bailey_2,
          serial_co_window_serial, co_window_paths_a, co_window_corner_a,
          co_window_corner_a, co_window_corner_a, co_window_of_opportunity_a,
          co_window_corner_a, co_window_of_opportunity_a, co_window_2corner,
          co_window_corner_cb, co_window_broadway_a, co_window_paths_c,
          co_window_corner_b, co_window_broadway_a,
          chequers_serial_rivers_marsh, uniq_urug
Lair:1:   layout_small_grid, st_stairs_12, grunt_forest_large_clearing_hut,
          uniq_gastronok, uniq_nergalle
Lair:2:   wad_woods_tower, layout_regular_city, lemuel_fruit_tree, uniq_sonja
Lair:3:   layout_chaotic_city, minmay_shoals_entry_centaurs,
          guppyfry_lair_drakes, grunt_megastairs_4, serial_bayou_shore_b,
          infiniplex_staircase_pool_2, minmay_lair_oklob_chamber
Lair:4:   layout_gridlike, nicolae_spider_entry_tight_spaces
Spider:1: layout_spider_delve, spiders_nest_hornet_nest, uniq_donald
Spider:2: layout_spider_delve
Spider:3: layout_spider_delve
Spider:4: floodkiller_spider_rune_tomb
Orc:1:    nicolae_orc_accident_3, layout_caves, serial_shops,
          nicolae_shop_waterfront, guppyfry_orc_lava_fort

Skill      XL: |  1  2  3  4  5  6  7  8  9 10 11 12 13 14 15 |
---------------+----------------------------------------------+-----
Axes           | 3 4 5 6 7 9 10 11 13 14 15 | 15.4
Fighting       | 3 4 5 6 7 8 9 10 | 10.7
Shields        | 4 5 6 7 8 9 10 11 | 11.9
Armour         | 4 5 6 7 8 9 10 11 | 11.9
Invocations    | 1 3 6 8 10 12 14 15 | 15.6
Evocations     | 6 7 |  7.7
Dodging        | 3 4 |  4.3
Spellcasting   | 2 3 |  3.2

Action                   |  1- 3 |  4- 6 |  7- 9 | 10-12 | 13-15 || total
-------------------------+-------+-------+-------+-------+-------++-------
Melee: War axe           |    91 |   134 |   318 |   733 |   867 ||  2143
Invok: Lesser Servant of |       |       |       |     2 |     4 ||     6
       Greater Servant o |       |       |       |       |     5 ||     5
 Abil: Heal Wounds       |     2 |     3 |    10 |    11 |     8 ||    34
Evoke: Wand              |       |       |       |     2 |     7 ||     9
  Use: Scroll            |       |       |    13 |     9 |     8 ||    30
       Potion            |       |       |       |     1 |     2 ||     3
 Stab: Confused          |       |       |       |     1 |       ||     1
       Distracted        |       |       |       |     1 |     6 ||     7
       Paralysed         |       |       |       |       |     1 ||     1
       Held in net/web   |       |       |       |       |     5 ||     5
Armor: Scale mail        |    51 |    73 |    86 |       |       ||   210
       Plate armour      |       |       |    67 |   322 |    41 ||   430
       Crystal plate arm |       |       |       |       |   340 ||   340
Dodge: Dodged            |    31 |    25 |    83 |   131 |   160 ||   430
Block: Kite shield       |    60 |   102 |   187 |   495 |   621 ||  1465

Table legend: (Time is in decaauts)
 A = Elapsed time spent in this place.
 B = Non-inter-level travel time spent in this place.
 C = Inter-level travel time spent in this place.
 D = Time resting spent in this place.
 E = Time spent auto-exploring this place.
 F = Levels seen in this place.
 G = Mean time per level.
                   A        B        C        D        E       F      G
               +--------+--------+--------+--------+--------+-----+--------+
         Total |  10579 |   9974 |    605 |      0 |   6813 |  26 |  406.9 |
       Dungeon |   6520 |   5973 |    547 |      0 |   4232 |  13 |  501.5 |
          Lair |   2074 |   2030 |     44 |      0 |   1655 |   4 |  518.5 |
   Spider Nest |    521 |    509 |     12 |      0 |    122 |   4 |  130.2 |
  Orcish Mines |     44 |     44 |      0 |      0 |     16 |   1 |   44.0 |
         Sewer |    417 |    417 |      0 |      0 |    191 |   1 |  417.0 |
       Ossuary |    357 |    357 |      0 |      0 |    299 |   1 |  357.0 |
        Bailey |    281 |    281 |      0 |      0 |    126 |   1 |  281.0 |
      Ice Cave |    362 |    362 |      0 |      0 |    170 |   1 |  362.0 |
               +--------+--------+--------+--------+--------+-----+--------+

Top non-repeatable levels by time:
    D:12: 832 daAuts
     D:8: 790 daAuts
  Lair:3: 783 daAuts
     D:5: 756 daAuts
     D:4: 738 daAuts
    D:10: 716 daAuts
  Lair:2: 657 daAuts
     D:9: 620 daAuts
    D:11: 537 daAuts
     D:6: 522 daAuts
     D:7: 458 daAuts
   Sewer: 417 daAuts
   IceCv: 362 daAuts
 Ossuary: 357 daAuts
  Lair:4: 319 daAuts
